Map: Ulrena

Players

Fullmetal - Winner!

  • Race: Terran Terran
  • League: Master

Zanc

  • Race: Terran Terran
  • League: Diamond

VOD

Have the link to the VOD?

Description

Time

  • Played on: Nov. 16, 2015, 2:48 a.m.
  • Length: 3:53
Show
View Real Time Build Order
Export as new Build Order

Fullmetal Terran - Winner!

Build Orders: 1/1/1 

Get SALT Encoding   

  12  0:00  SCV  
  13  0:13  SCV  
  14  0:17  Supply Depot  
  14  0:25  SCV  
  15  0:30  Refinery  
  15  0:39  SCV  
  16  0:47  Barracks  
  16  0:53  SCV  
  17  1:03  Refinery  
  17  1:07  SCV  
  18  1:19  SCV  
  19  1:34  Orbital Command  
  19  1:36  Factory  
  19  1:40  Reaper  
  20  1:50  Supply Depot  
  20  2:00  SCV  
  21  2:12  SCV, Reaper  
  23  2:22  Hellion, Starport  
  25  2:26  SCV  
  26  2:38  SCV, Supply Depot  
  27  2:44  Reaper  
  27  2:46  Hellion  
  30  2:52  SCV, Supply Depot  
  31  3:01  Medivac  
  31  3:04  SCV  
  36  3:16  SCV  
  36  3:17  Reaper  
  36  3:19  Factory Tech Lab  
  36  3:33  Command Center  
Show
View Real Time Build Order
Export as new Build Order

Zanc Terran 

Build Orders: Reaper Expand 

Get SALT Encoding   

  12  0:00  SCV  
  13  0:12  SCV  
  14  0:18  Supply Depot  
  14  0:25  SCV  
  15  0:40  SCV  
  15  0:41  Barracks  
  16  0:45  Refinery  
  16  0:52  SCV  
  18  1:04  SCV  
  18  1:16  SCV  
  19  1:29  Supply Depot, Orbital Command  
  19  1:30  Reaper  
  20  1:55  Command Center  
  20  1:57  SCV  
  21  2:03  Refinery  
  21  2:09  SCV  
  22  2:18  Factory  
  22  2:22  SCV  
  23  2:29  Barracks Tech Lab  
  23  2:34  SCV  
  24  2:46  SCV  
  25  2:59  SCV  
  24  3:07  Cyclone  
  24  3:11  SCV  
  28  3:20  Starport  
  28  3:22  Supply Depot  
  28  3:23  SCV, Supply Depot  
Tags
 
Add a new tag
Caveats
  • Supply blocks, unpowered buildings, or Contaminate may cause inaccurate times.
  • Supply counts are checked every 10 seconds.